AoeStats
← roccosisteini

Arena

507716941Analyzed
1v1 RM · 14d ago on Sep 19, 2026· 47m 7s· 2 players
Game mode
Random Map
Map size
Tiny (2 player)
Population
200
Speed
Normal
Resources
Standard
Victory
Conquest
Starting age
Dark Age
Ending age
Imperial Age
RankedLock teamsTeams togetherTeam positionsShared explorationLock speedFull tech treeHidden civsTurbo modeCheats
Victory
Defeat
🇹🇷 Khmer · Türkiye
931
+15
🇫🇷 Bohemians · France
911
-42
roccosisteini
19:04 Feudal Age
17:23 Loom
19:13 Man-at-Arms
19:57 Horse Collar
21:19 Double-Bit Axe
24:40 Wheelbarrow
23:54 Town Watch
30:15 Forging
30:11 Scale Barding Armor
31:09 Fletching
40:26 Castle Age
40:40 Castle Age
44:04 Castle Age
V. Leonghis
9:55 Feudal Age
10:32 Loom
14:05 Castle Age
12:55 Double-Bit Axe
14:39 Wheelbarrow
13:47 Horse Collar
19:26 Bow Saw
19:35 Heavy Plow
23:43 Town Watch
24:20 Hand Cart
31:57 Imperial Age
30:08 Husbandry
30:19 Bloodlines
32:45 Ballistics
39:10 Chemistry
38:31 Siege Engineers
Connection lost

Rejoining the realm…

Still unreachable

The connection could not be restored.

Session expired

The server has moved on; the page needs a fresh start.